 Dungeon Crawl Stone Soup version 0.27-a0-1065-ge809cff456 (webtiles) character file.

Game seed: 16709862438751353865

88 flotson the Covert (level 4, -1/41 HPs)
             Began as a Gnoll Delver on Apr 22, 2021.
             Killed by nerve-wracking pain
             ... invoked by Grinder
              (9 damage)
             ... on level 3 of the Dungeon.
             The game lasted 00:06:31 (2968 turns).

flotson the Covert (Gnoll Delver)                   Turns: 2968, Time: 00:06:31

Health: -1/41      AC:  7    Str: 12    XL:     4   Next: 53%
Magic:  5/5        EV: 12    Int:  9    God:
Gold:   94         SH:  0    Dex: 14    Spells: 5/5 levels left

rFire    . . .     SeeInvis .   b - +0 trident
rCold    . . .     Faith    +   (no shield)
rNeg     . . .     Spirit   .   l - +0 ring mail
rPois    +         Reflect  .   v - +0 helmet
rElec    .         Harm     .   (no cloak)
rCorr    .         Rampage  .   (no gloves)
Will     .....                  p - +0 pair of boots
Stlth    ++++......             i - amulet of faith
HPRegen  0.13/turn              x - ring of poison resistance
MPRegen  0.09/turn              (no ring)

@: no status effects
A: fangs 1, strong nose, distributed training
a: no special abilities


You were on level 3 of the Dungeon.
You visited 1 branch of the dungeon, and saw 5 of its levels.

You collected 94 gold pieces.

Inventory:

Hand Weapons
 a - a +0 war axe
 b - a +0 trident (weapon)
Missiles
 f - 20 arrows
 h - 43 poisoned darts (quivered)
Armour
 l - a +0 ring mail (worn)
 p - a +0 pair of boots (worn)
 v - a +0 helmet (worn)
Jewellery
 i - an amulet of faith (around neck)
 x - a ring of poison resistance (left hand)
Wands
 g - a wand of digging (3)
 u - a wand of charming (5)
Scrolls
 c - a scroll of fog
 d - 3 scrolls of magic mapping
 j - a scroll of enchant armour {unknown}
 o - 2 scrolls of amnesia {unknown}
 q - a scroll of teleportation {unknown}
 t - a scroll of immolation {unknown}
 w - a scroll of identify {unknown}
Potions
 k - 4 potions of curing
 m - 2 potions of lignification {unknown}
 n - a potion of cancellation {unknown}
 r - 2 potions of resistance {unknown}
 s - a potion of magic {unknown}


   Skills:
 + Level 6.6 Fighting
 + Level 1.2 Short Blades
 + Level 1.2 Long Blades
 + Level 4.6 Axes
 + Level 1.2 Maces & Flails
 + Level 1.2 Polearms
 + Level 1.2 Staves
 + Level 1.2 Slings
 + Level 1.2 Bows
 + Level 1.2 Crossbows
 + Level 1.2 Throwing
 + Level 1.2 Armour
 + Level 4.6 Dodging
 + Level 9.6 Stealth
 + Level 1.2 Shields
 + Level 1.2 Unarmed Combat
 + Level 1.2 Spellcasting
 + Level 1.0 Conjurations
 + Level 1.0 Hexes
 + Level 1.0 Summonings
 + Level 1.0 Necromancy
 + Level 1.0 Translocations
 + Level 1.0 Transmutations
 + Level 1.0 Fire Magic
 + Level 1.0 Ice Magic
 + Level 1.0 Air Magic
 + Level 1.0 Earth Magic
 + Level 1.0 Poison Magic
 + Level 1.3 Invocations
 + Level 1.2 Evocations


You had 5 spell levels left.
You didn't know any spells.
Your spell library contained the following spells:

 Spells                   Type           Power      Damage    Failure   Level
 Summon Small Mammal      Summ           8%         N/A       50%         1
 Call Imp                 Summ           2%         N/A       63%         2
 Call Canine Familiar     Summ           2%         N/A       86%         3
 Summon Guardian Golem    Hex/Summ       2%         N/A       86%         3
 Summon Ice Beast         Ice/Summ       2%         N/A       99%         4
 Summon Lightning Spire   Summ/Air       2%         N/A       99%         4


Dungeon Overview and Level Annotations

Branches:
Dungeon (5/15)
 Temple: D:4-7

Altars:
Nemelex Xobeh

Annotations:
D:3 Grinder


Innate Abilities, Weirdness & Mutations

You have very sharp teeth.
Your uncanny sense of smell can sniff out nearby items.
Your experience applies equally to all skills.


Message History

* * * LOW HITPOINT WARNING * * *
Okay, then.
Unknown command.
Okay, then.
Unknown command.
Okay, then.
Unknown command.
Okay, then.
Unknown command.
Unknown command.
Aiming: Charm
Press: ? - help, Shift-Dir - straight line, f/p - Grinder
Aim: Grinder (moderately wounded, chance to affect: 50%) Grinder resists with some effort.
Grinder blinks!
Unknown command.
Throw: 47 darts (poison)
Press: ? - help, Q - select action, (/) - cycle Shift-Dir - straight line, f/p - Grinder
Aim: Grinder (moderately wounded, 58% to hit)
You throw a poisoned dart.
The poisoned dart barely misses Grinder.
Throw: 46 darts (poison)
Press: ? - help, Q - select action, (/) - cycle Shift-Dir - straight line, f/p - Grinder
Aim: Grinder (moderately wounded, 58% to hit)
You throw a poisoned dart. The poisoned dart hits Grinder.
Grinder is moderately wounded.
Throw: 45 darts (poison)
Press: ? - help, Q - select action, (/) - cycle Shift-Dir - straight line, f/p - Grinder
Aim: Grinder (moderately wounded, 58% to hit)
You throw a poisoned dart. The poisoned dart hits Grinder.
Grinder is moderately wounded.
Throw: 44 darts (poison)
Press: ? - help, Q - select action, (/) - cycle Shift-Dir - straight line, f/p - Grinder
Aim: Grinder (moderately wounded, 58% to hit)
You throw a poisoned dart.
The poisoned dart closely misses Grinder.
You puncture Grinder! You bite Grinder, but do no damage.
Grinder is heavily wounded.
Grinder gestures at you. Pain shoots through your body!
You die...

...###..###.###...#......#.#.....
...# #.......##.(.##.......##..##
...#####.##..##...(.##.#.###...#.
###..........##.....##.#...#..###
#.........##......####.###.#.....
#..........#####(.# #.........#.
#........#.#####..# ####........
###.#...........5.# #.#.####.
###.##.###.#####@## #....# #.
.......# #(## #.# ###### #.
.......# #..# #.# #. .......#
##.# #.# #. ......## #.# #.#
......# #.# #.# ####### #.## #.#
# #..# #.# # ##.# #.# .


You could see Grinder.

Vanquished Creatures
  A worm (D:1)
  5 dart slugs
  10 bats
  7 endoplasms
  3 giant cockroaches
  9 goblins
  6 hobgoblins
  5 jackals
  2 quokkas (D:1)
  5 ball pythons
  2 frilled lizards
  6 kobolds
  7 rats
68 creatures vanquished.

Notes
Turn   | Place    | Note
-------+----------+-------------------------------------------
     0 | D:5      | Reached skill level 9 in Stealth
     0 | D:5      | flotson the Gnoll Delver began the quest for the Orb.
     0 | D:5      | Reached XP level 1. HP: 23/23 MP: 1/1
     9 | D:5      | Noticed an ogre
    53 | D:5      | Noticed a wraith
    54 | D:5      | Noticed a howler monkey
   536 | D:4      | Found a sparkling altar of Nemelex Xobeh.
   587 | D:4      | Noticed a phantom
   772 | D:3      | Reached XP level 2. HP: 29/29 MP: 2/2
  1068 | D:3      | Noticed an ogre
  1133 | D:2      | Reached XP level 3. HP: 35/35 MP: 3/3
  1587 | D:1      | Reached skill level 1 in Invocations
  1801 | D:1      | Reached skill level 1 in Short Blades
  1801 | D:1      | Reached skill level 1 in Long Blades
  1801 | D:1      | Reached skill level 1 in Maces & Flails
  1801 | D:1      | Reached skill level 1 in Polearms
  1801 | D:1      | Reached skill level 1 in Staves
  1801 | D:1      | Reached skill level 1 in Slings
  1801 | D:1      | Reached skill level 1 in Bows
  1801 | D:1      | Reached skill level 1 in Crossbows
  1801 | D:1      | Reached skill level 1 in Throwing
  1801 | D:1      | Reached skill level 1 in Armour
  1801 | D:1      | Reached skill level 1 in Shields
  1801 | D:1      | Reached skill level 1 in Unarmed Combat
  1801 | D:1      | Reached skill level 1 in Spellcasting
  1801 | D:1      | Reached skill level 1 in Evocations
  2047 | D:1      | Found a faded altar of an unknown god.
  2143 | D:1      | Reached XP level 4. HP: 41/41 MP: 5/5
  2914 | D:3      | Noticed Grinder
  2931 | D:3      | Reached skill level 1 in Conjurations
  2931 | D:3      | Reached skill level 1 in Hexes
  2931 | D:3      | Reached skill level 1 in Summonings
  2931 | D:3      | Reached skill level 1 in Necromancy
  2931 | D:3      | Reached skill level 1 in Translocations
  2931 | D:3      | Reached skill level 1 in Transmutations
  2931 | D:3      | Reached skill level 1 in Fire Magic
  2931 | D:3      | Reached skill level 1 in Ice Magic
  2931 | D:3      | Reached skill level 1 in Air Magic
  2931 | D:3      | Reached skill level 1 in Earth Magic
  2931 | D:3      | Reached skill level 1 in Poison Magic
  2934 | D:3      | HP: 2/41 [Grinder (4)]
  2968 | D:3      | Killed from afar by Grinder

Illustrated notes

Levels and vault maps discovered:
D:1:      lemuel_arrival_hallway, layout_basic, basic_ecumenical_altar
D:2:      layout_rooms, minmay_goblin_kobold_house
D:3:      layout_basic, uniq_grinder
D:4:      layout_basic, nemelex_diamond_rough_becter
D:5:      layout_loops_ring, minmay_temple_entry_trees, minmay_chambers_of_fives

Skill      XL: |  1  2  3  4 |
---------------+-------------+-----
Stealth        | |  9.6
Invocations    | 1 |  1.3
Short Blades   | 1 |  1.2
Long Blades    | 1 |  1.2
Maces & Flails | 1 |  1.2
Polearms       | 1 |  1.2
Staves         | 1 |  1.2
Slings         | 1 |  1.2
Bows           | 1 |  1.2
Crossbows      | 1 |  1.2
Throwing       | 1 |  1.2
Armour         | 1 |  1.2
Shields        | 1 |  1.2
Unarmed Combat | 1 |  1.2
Spellcasting   | 1 |  1.2
Evocations     | 1 |  1.2
Conjurations   | 1 |  1.0
Hexes          | 1 |  1.0
Summonings     | 1 |  1.0
Necromancy     | 1 |  1.0
Translocations | 1 |  1.0
Transmutations | 1 |  1.0
Fire Magic     | 1 |  1.0
Ice Magic      | 1 |  1.0
Air Magic      | 1 |  1.0
Earth Magic    | 1 |  1.0
Poison Magic   | 1 |  1.0
Fighting       | |  6.6
Axes           | |  4.6
Dodging        | |  4.6

Action                   |  1- 3 |  4- 6 || total
-------------------------+-------+-------++-------
Melee: Hand axe          |     8 |       ||     8
       War axe           |    94 |    28 ||   122
       Bite              |     5 |     9 ||    14
       Trident           |       |    41 ||    41
Throw: Dart              |     6 |     7 ||    13
Evoke: Wand              |       |     2 ||     2
  Use: Potion            |     1 |     1 ||     2
       Scroll            |       |     1 ||     1
 Stab: Sleeping          |    15 |     5 ||    20
Armor: Leather armour    |     2 |       ||     2
       Ring mail         |    62 |    22 ||    84
Dodge: Dodged            |    87 |    54 ||   141

Table legend: (Time is in decaauts)
 A = Elapsed time spent in this place.
 B = Non-inter-level travel time spent in this place.
 C = Inter-level travel time spent in this place.
 D = Time resting spent in this place.
 E = Time spent auto-exploring this place.
 F = Levels seen in this place.
 G = Mean time per level.
                   A        B        C        D        E       F      G
               +--------+--------+--------+--------+--------+-----+--------+
         Total |   2996 |   2865 |    131 |    146 |   1935 |   5 |  599.2 |
       Dungeon |   2996 |   2865 |    131 |    146 |   1935 |   5 |  599.2 |
               +--------+--------+--------+--------+--------+-----+--------+

Top non-repeatable levels by time:
     D:1: 1127 daAuts
     D:2: 633 daAuts
     D:3: 631 daAuts
     D:4: 441 daAuts
     D:5: 162 daAuts
